 Dungeon Crawl Stone Soup version 0.29-a0-1018-g6b6670bd90 (webtiles) character file.

Game seed: 12103898933695398502

1232 Asher535 the Trooper (level 8, -1/71 HPs)
             Began as a Hill Orc Fighter on Aug 10, 2022.
             Slain by an orc warrior
             ... wielding a +0 mace
              (2 damage)
             ... on level 6 of the Dungeon.
             The game lasted 00:09:48 (6297 turns).

Asher535 the Trooper (Hill Orc Fighter)             Turns: 6297, Time: 00:09:48

Health: -1/71      AC: 18    Str: 21    XL:     8   Next: 48%
Magic:  8/8        EV:  9    Int:  8    God:
Gold:   369        SH:  5    Dex: 10    Spells: 7/7 levels left

rFire   . . .      SeeInvis .   x - +2 hammer (protect)
rCold   . . .      Faith    .   c - +0 buckler
rNeg    . . .      Spirit   .   b - +0 scale mail
rPois   .          Reflect  .   G - +0 helmet
rElec   .          Harm     .   A - +0 cloak
rCorr   .          Rampage  .   (no gloves)
Will    +....                   j - +0 pair of boots
Stlth   ..........              (no amulet)
HPRegen 0.21/turn               r - ring of flight
MPRegen 0.11/turn               F - ring of willpower

@: mighty, under a protective aura, flying
A: no striking features
a: Convert to Beogh


You were on level 6 of the Dungeon.
You visited 1 branch of the dungeon, and saw 6 of its levels.

You collected 369 gold pieces.

Inventory:

Hand Weapons
 a - a +0 war axe
 x - a +2 hammer of protection (weapon)
 y - a +4 quarterstaff of chaos
 z - a +0 hammer of holy wrath
Armour
 b - a +0 scale mail (worn)
 c - a +0 buckler (worn)
 j - a +0 pair of boots (worn)
 A - a +0 cloak (worn)
 G - a +0 helmet (worn)
Jewellery
 m - a ring of positive energy
 r - a ring of flight (left hand)
 F - a ring of willpower (right hand)
Wands
 w - a wand of polymorph (10)
 D - a wand of digging (7)
 I - a wand of mindburst (14)
Scrolls
 k - a scroll of vulnerability {unknown}
 l - 3 scrolls of summoning {unknown}
 n - a scroll of enchant armour {unknown}
 p - a scroll of blinking {unknown}
 q - a scroll of fear {unknown}
 v - 2 scrolls of acquirement {unknown}
 B - 3 scrolls of identify {unknown}
 C - 2 scrolls of immolation {unknown}
 E - a scroll of poison {unknown}
 H - 2 scrolls of teleportation {unknown}
Potions
 d - a potion of might
 e - a potion of brilliance {unknown}
 f - a potion of lignification {unknown}
 g - a potion of berserk rage {unknown}
 h - 2 potions of attraction {unknown}
 i - 3 potions of heal wounds {unknown}
 o - a potion of mutation {unknown}
 s - 6 potions of curing {unknown}
 t - 2 potions of invisibility {unknown}
 u - a potion of ambrosia {unknown}


   Skills:
 + Level 6.4 Fighting
 - Level 4.7(6.5) Axes
 * Level 5.8(6.4) Maces & Flails
 + Level 5.8 Armour
 + Level 5.8 Shields


You had 7 spell levels left.
You didn't know any spells.
Your spell library contained the following spells:

 Spells                   Type           Power      Damage    Failure   Level
 Apportation              Tloc           0%         N/A       80%         1
 Beastly Appendage        Tmut           0%         N/A       80%         1
 Blink                    Tloc           0%         N/A       91%         2
 Sublimation of Blood     Necr           0%         N/A       91%         2
 Wereblood                Tmut           0%         N/A       91%         2
 Spider Form              Tmut/Pois      0%         N/A       99%         3
 Alistair's Intoxication  Tmut/Pois      0%         N/A       100%        5
 Manifold Assault         Tloc           0%         N/A       100%        5
 Storm Form               Tmut/Air       0%         N/A       100%        7
 Summon Hydra             Summ           0%         N/A       100%        7


Dungeon Overview and Level Annotations

Branches:
Dungeon (6/15)
 Temple: D:4-7

Altars:
Nemelex Xobeh
The Shining One

Shops:
D:4 :

Annotations:
D:6 1 transporter, Malachi's ghost, novice TrMo


Message History

You feel sick.
You hear a shout!
The killer bee barely misses you.
The killer bee stings you but does no damage. x2
You sock the killer bee!
You kill the killer bee!
You feel sick.
You hit the iguana but do no damage.
You feel sick. You block the iguana's attack.
You thump the iguana!
The iguana is heavily wounded.
You feel sick. The iguana bites you!
* * * LOW HITPOINT WARNING * * *
You hit the iguana.
The iguana is almost dead.
You feel sick.
An orc priest comes into view. It is wielding a +0 hand axe.
The iguana closely misses you.
You feel very mighty all of a sudden.
You feel sick.
You are no longer poisoned.
The orc priest looks satisfied for a moment.
The iguana barely misses you.
You sock the iguana!
You kill the iguana!
You bludgeon the orc warrior!!
The orc warrior is severely wounded.
You hear a shout!
The orc warrior hits you with a +0 mace!
* * * LOW HITPOINT WARNING * * *
An orc comes into view. It is wielding a +0 club.
You closely miss the orc warrior.
The orc warrior is severely wounded.
The orc warrior hits you but does no damage.
You barely miss the orc warrior.
The orc warrior is severely wounded.
The orc priest calls upon Beogh to heal the orc warrior.
The orc warrior is healed somewhat.
The orc warrior hits you with a +0 mace.
You die...

#..##.#####........##.##..)#.##.
......# #........##.##...#.#
#..#### #........##........# #
#..# #........#####...### . #...
#................####.. ....
#.......#######........
####.#### ##.####.. #.#######
#....... #.o@....# ####....
....oo..#####.# #.### ####.##.#
#.########.### # ..#
#.....##...... ##.#
#####.##.#.#.# #.# #............
#.# #.##[#..#.#.#
#.######.##.##......
...........##.#.#.#


You could see an orc warrior, an orc priest and an orc.

Vanquished Creatures
  A centaur (D:5)
  A phantom (D:5)
  2 kobold brigands
  A necrophage (D:6)
  3 scorpions
  A bullfrog (D:5)
  4 killer bees (D:6)
  A jelly (D:5)
  A hound (D:5)
  Crazy Yiuf (D:3)
  An orc priest (D:3)
  Ijyb (D:3)
  2 iguanas
  3 orc wizards (D:3)
  3 gnolls (D:2)
  3 adders
  A white imp (D:6)
  2 worms
  3 dart slugs
  13 orcs
  3 ball pythons
  7 bats
  11 endoplasms
  2 giant cockroaches
  7 goblins
  8 hobgoblins
  15 jackals
  5 quokkas
  4 frilled lizards
  12 kobolds
  2 rats
124 creatures vanquished.

Notes
Turn   | Place    | Note
-------+----------+-------------------------------------------
     0 | D:1      | Asher535 the Hill Orc Fighter began the quest for the Orb.
     0 | D:1      | Reached XP level 1. HP: 19/19 MP: 1/1
   234 | D:1      | Reached XP level 2. HP: 25/27 MP: 2/2
   822 | D:1      | Reached XP level 3. HP: 32/33 MP: 3/3
   954 | D:1      | Reached skill level 4 in Fighting
   954 | D:1      | Found a faded altar of an unknown god.
  1047 | D:2      | Reached XP level 4. HP: 40/40 MP: 4/4
  1564 | D:2      | Found a sparkling altar of Nemelex Xobeh.
  1761 | D:3      | Noticed Ijyb
  1789 | D:3      | Killed Ijyb
  1790 | D:3      | Reached XP level 5. HP: 31/47 MP: 5/5
  1957 | D:3      | Found a runed translucent door.
  1958 | D:3      | Noticed Crazy Yiuf
  1976 | D:3      | Killed Crazy Yiuf
  2634 | D:3      | Reached skill level 1 in Maces & Flails
  2949 | D:3      | Reached XP level 6. HP: 35/55 MP: 6/6
  3307 | D:3      | Found a glowing golden altar of the Shining One.
  3545 | D:4      | Found Nusoch's Book Shoppe.
  3871 | D:4      | Reached skill level 5 in Fighting
  4425 | D:4      | Found a sparkling altar of Nemelex Xobeh.
  4673 | D:5      | Entered Level 5 of the Dungeon
  4736 | D:5      | Reached XP level 7. HP: 51/61 MP: 7/7
  4922 | D:5      | Identified the +5 ring mail "Zieckism" {rCorr MP+9 Str-3
                  | Stlth+}
  4938 | D:5      | Reached skill level 5 in Armour
  5077 | D:5      | Reached skill level 5 in Shields
  5896 | D:6      | Reached XP level 8. HP: 63/70 MP: 8/8
  5908 | D:6      | Reached skill level 5 in Maces & Flails
  5945 | D:6      | Found a transporter.
  5958 | D:6      | Reached skill level 6 in Fighting
  6015 | D:6      | Noticed Malachi's ghost (novice TrMo)
  6295 | D:6      | HP: 1/71 [orc warrior/+0 mace (11)]
  6297 | D:6      | Slain by an orc warrior

Illustrated notes

Levels and vault maps discovered:
D:1:      mrwooster_arrival_statue_2, layout_rooms, basic_ecumenical_altar
D:2:      minmay_angry_zag, layout_basic, basic_altar, item_on_display_a
D:3:      layout_basic, mainiacjoe_overflow_six_doors_small,
          chequers_mini_garden, uniq_ijyb, uniq_crazy_yiuf_cottage
D:4:      layout_rooms, nemelex_diamond_rough_becter, serial_shops, shop
D:5:      layout_loops_cross, amcnicky_mini_pool_small
D:6:      layout_loops_cross, gammafunk_ghost_abyssal_escape, serial_glass,
          glass_columns_a, glass_columns_b, gup_sewer_entry_glass,
          kennysheep_small_square

Skill      XL: |  1  2  3  4  5  6  7  8 |
---------------+-------------------------+-----
Axes           | 3 4 |  4.7
Fighting       | 4 5 6 |  6.4
Armour         | 4 5 |  5.8
Shields        | 4 5 |  5.8
Maces & Flails | 2 3 4 5 |  5.8

Action                   |  1- 3 |  4- 6 |  7- 9 || total
-------------------------+-------+-------+-------++-------
Melee: War axe           |    89 |    81 |       ||   170
       Unarmed           |       |    24 |       ||    24
       Mace              |       |   174 |   173 ||   347
  Use: Potion            |       |     1 |     1 ||     2
Armor: Scale mail        |    44 |   193 |   162 ||   399
       Skin              |       |    16 |       ||    16
Dodge: Dodged            |    47 |   218 |   121 ||   386
Block: Buckler           |    25 |    77 |    60 ||   162

Table legend: (Time is in decaauts)
 A = Elapsed time spent in this place.
 B = Non-inter-level travel time spent in this place.
 C = Inter-level travel time spent in this place.
 D = Time resting spent in this place.
 E = Time spent auto-exploring this place.
 F = Levels seen in this place.
 G = Mean time per level.
                   A        B        C        D        E       F      G
               +--------+--------+--------+--------+--------+-----+--------+
         Total |   6410 |   6302 |    108 |    974 |   4142 |   6 | 1068.3 |
       Dungeon |   6410 |   6302 |    108 |    974 |   4142 |   6 | 1068.3 |
               +--------+--------+--------+--------+--------+-----+--------+

Top non-repeatable levels by time:
     D:3: 1842 daAuts
     D:5: 1228 daAuts
     D:4: 1157 daAuts
     D:1: 1006 daAuts
     D:2: 750 daAuts
     D:6: 425 daAuts
